[Event "VIII Open Semana Santa 2024"]
[Site "San Vicente del Raspeig"]
[Date "2024.03.30"]
[Round "6.11"]
[White "Marin, Mihail"]
[Black "Niedbala, Bartlomiej"]
[Result "1/2-1/2"]
[ECO "A14"]
[WhiteElo "2456"]
[BlackElo "2388"]
[Annotator "TA"]
[PlyCount "118"]
[EventDate "2024.03.27"]
[EventType "swiss"]
[EventCountry "ESP"]
[SourceTitle "playchess.com"]
[Source "ChessBase"]
[SourceQuality "1"]
[TimeControl "5400+30"]

1. Nf3 d5 2. g3 Nf6 3. Bg2 e6 4. O-O Be7 5. c4 O-O 6. b3 c5 7. Bb2 d4 8. e3 Nc6 9. exd4 cxd4 10. Re1 Re8 11. d3 a5 12. Nbd2 Bf8 13. Ne5 Nxe5 14. Rxe5 Nd7 15. Re1 e5 16. a3 Ra6 17. Rb1 Nc5 18. Ne4 Ne6 19. Bc1 Bd7 20. b4 axb4 21. axb4 b5 22. c5 Bc6 23. Nd2 Bxg2 24. Kxg2 Qd5+ 25. Qf3 Qxf3+ 26. Nxf3 f6 27. Nd2 Rea8 28. Nb3 Nd8 29. f4 Nc6 30. Bd2 Kf7 (30... exf4 $15 31. gxf4 Ra4) 31. Na5 (31. fxe5 $1 $14 Ra2 32. e6+ Kg6 33. Kf3) 31... Nxa5 32. bxa5 Rb8 33. fxe5 Bxc5 34. Rec1 {[%emt 0:00:12] Against b4} Bf8 35. Rc7+ Kg6 36. exf6 gxf6 37. Bb4 (37. Rd7 $14 {feels stronger.}) 37... Bxb4 $11 38. Rxb4 Rxa5 {[%emt 0:00:30][%mdl 4096] Endgame. KRR-KRR} 39. Rc5 Ra4 40. Rbxb5 Rxb5 41. Rxb5 {[%emt 0:00:05] KR-KR} Ra3 42. Rd5 Rxd3 43. Rd7 h5 44. h4 {[%emt 0:00:17] The position is equal.} Rd1 45. Rd5 d3 46. Kf3 d2 47. Kg2 {[%emt 0:00:20] Prevents Rf1} Kf7 48. Rd7+ Ke6 49. Rd8 Ke5 50. Re8+ Kd4 (50... Kd6 $5 51. Rd8+ $8 Ke6 $11) 51. Rd8+ Ke4 (51... Kc3 $5 52. Rc8+ $8 Kd4 53. Rd8+ Ke4 $11) 52. Re8+ Kf5 {[%emt 0:00:03] [#] ( -> ...Rb1)} (52... Kd3 $5 53. Rd8+ $8 Ke4 $11) 53. Rd8 Ke6 54. Rd3 $1 f5 55. Rd8 f4 56. gxf4 Kf5 57. Rd7 Kg4 58. f5 Kxf5 59. Kf2 Ke5 {[%emt 0:00:30] Weighted Error Value: White=0.07 (flawless) /Black=0.06 (flawless) .  Mistake:       	White=2     	Black=1      Inaccurate:     	White=3     	Black=1      OK:         	White=19    	Black=20     Best:        	White=4     	Black=1      Strong:       	White=1     	---} 1/2-1/2

[Event "VIII Open Semana Santa 2024"]
[Site "San Vicente del Raspeig"]
[Date "2024.03.30"]
[Round "6.12"]
[White "Shuvalova, Polina"]
[Black "Trigo Urquijo, Sergio"]
[Result "1-0"]
[ECO "B30"]
[WhiteElo "2455"]
[BlackElo "2387"]
[Annotator "TA"]
[PlyCount "137"]
[EventDate "2024.03.27"]
[EventType "swiss"]
[EventCountry "ESP"]
[SourceTitle "playchess.com"]
[Source "ChessBase"]
[SourceQuality "1"]
[TimeControl "5400+30"]

1. e4 c5 2. Nf3 Nc6 3. Bb5 e5 4. O-O Bd6 5. d3 Nf6 6. a4 a6 7. Bxc6 dxc6 8. a5 {[%emt 0:00:19] White has an edge.} Bg4 9. h3 Bxf3 10. Qxf3 Nd7 11. Qg4 Qf6 12. Na3 Qg6 13. Nc4 Qxg4 14. hxg4 (14. Nxd6+ Ke7 15. hxg4 Kxd6) 14... Be7 15. f4 exf4 16. Bxf4 h5 17. gxh5 {[%emt 0:03:07] White is much more active.} Rxh5 18. Ra3 (18. Bc7 $16) 18... O-O-O $14 19. Bg3 f6 20. Raa1 Rdh8 21. Rae1 Rh1+ 22. Kf2 Rxf1+ 23. Rxf1 (23. Kxf1 $6 Nf8 24. Kf2 Ne6 $16) 23... Nf8 24. c3 Ne6 25. Ke3 Rh5 26. Rf3 Rh1 27. e5 Rg1 (27... Kd7 $11) 28. exf6 Bxf6 29. Kf2 Rb1 30. Re3 Kd7 31. Kf3 Nc7 32. Bxc7 Kxc7 {[%emt 0:00:05][%mdl 4096] Endgame. KRB-KRN} 33. Kg4 Rg1 34. g3 Rg2 (34... Kd7 $11) 35. Kf3 (35. Re8 $16) 35... Rg1 $11 36. Re2 Rd1 37. Ke4 Rg1 38. Kf4 Rf1+ 39. Kg4 Rg1 40. Re8 Kd7 (40... Rd1 $1 $11) 41. Rb8 $16 Kc7 42. Rf8 Rd1 43. Rf7+ Kb8 44. Rd7 (44. Nd6 $6 Rxd3 45. Rxb7+ (45. Nxb7 Rd5 $11) 45... Ka8 $11) 44... Kc8 45. Nb6+ Kb8 46. Kf3 (46. Rf7 $16) 46... Rf1+ $11 47. Kg2 Rd1 48. Kh3 Rh1+ $1 49. Kg4 (49. Kg2 $11 Rd1 50. Kf3) 49... Rd1 $1 $14 50. Kf5 Rg1 (50... Rf1+ $1 $11 {is superior.} 51. Kg4 Rf2) 51. g4 $16 {[%emt 0:00:18] [#] aiming for Rf7.} Rg2 $2 (51... Ra1 $16 {might work better.} 52. Rf7 (52. g5 Rf1+ 53. Ke6 Re1+ 54. Kd6 Bxg5 $18) 52... Rxa5) 52. Nc4 $2 (52. Rf7 $18 {and the rest is easy. Strongly threatening Ke6.} Rxb2 53. Ke6 (53. Nd7+ Ka7 $16)) 52... Kc8 $2 (52... Rf2+ $16 {is a better chance.} 53. Ke6 Rf3) 53. Rf7 $18 Kb8 (53... Rg3 $142 54. Nb6+ (54. Nd6+ Kb8 $18) 54... Kd8 55. Rd7+ (55. Rxb7 Rxd3 56. Ke6 Re3+ 57. Kd6 Be7+ 58. Kxc6 Re6+ 59. Kd5 Rd6+ 60. Ke5 Rg6 $18) 55... Ke8 56. Rxb7 Rxd3) 54. Ke6 Rg3 55. Kd6 $2 (55. Nd6 Re3+ 56. Kf5 Rxd3 57. Nxb7 (57. Rxb7+ Ka8 $11) 57... Re3 $11) (55. d4 $18 {White wants to mate with Kd7.} Bd8 56. Kd7 (56. dxc5 Rh3 $18) (56. Rxg7 cxd4 57. cxd4 Rd3 $18) 56... Bxa5 57. Nxa5) 55... Rxd3+ $14 56. Kxc5 ({White should try} 56. Ke6 $1 $14) 56... Rd5+ $11 57. Kb4 Rg5 58. Nd6 Rxg4+ 59. c4 Bxb2 (59... Bd4 $11) 60. Rxb7+ $16 Ka8 61. Rb6 c5+ 62. Ka4 Be5 63. Rxa6+ Kb8 64. Kb5 Kc7 $2 {[%emt 0:00:58][%mdl 8192] Prevents Rb6} (64... Bxd6 $16 65. Rxd6 Kb7) 65. Rc6+ $18 ({Worse is} 65. Kxc5 Bxd6+ 66. Rxd6 Rxc4+ 67. Kxc4 Kxd6 $11) 65... Kd7 66. Nb7 ({Stronger than} 66. Kxc5 Bd4+ (66... Rg6 67. Kb6 $11) 67. Kb5 Rg2 $11) 66... Rg1 67. Nxc5+ Kd8 68. Re6 {[%emt 0:01:44][%cal Ob5c6] [#] Threatening mate with Kc6!} Bb8 69. Kc6 {[%emt 0:00:11] Weighted Error Value: White=0.29 (precise) /Black=0.32.  Loses game:     	---       	Black=2      Missed win:     	White=1     	---        Mistake:       	White=4     	Black=8      Inaccurate:     	White=6     	Black=7      OK:         	White=11    	Black=17     Best:        	White=9     	Black=5      Strong:       	---       	Black=2} 1-0

[Event "VIII Open Semana Santa 2024"]
[Site "San Vicente del Raspeig"]
[Date "2024.03.30"]
[Round "6.13"]
[White "Badelka, Olga"]
[Black "Ghazarian, Kirk"]
[Result "1-0"]
[ECO "B44"]
[WhiteElo "2377"]
[BlackElo "2454"]
[Annotator "TA"]
[PlyCount "73"]
[EventDate "2024.03.27"]
[EventType "swiss"]
[EventCountry "ESP"]
[SourceTitle "playchess.com"]
[Source "ChessBase"]
[SourceQuality "1"]
[TimeControl "5400+30"]

1. Nf3 c5 2. c4 Nc6 3. Nc3 Nf6 4. d4 cxd4 5. Nxd4 e6 6. e4 Bb4 7. Nxc6 bxc6 8. Bd3 e5 9. O-O O-O 10. Qc2 Bc5 11. Bd2 d6 12. Rad1 h6 {[%emt 0:07:42] The position is equal.} 13. Ne2 a5 14. Ng3 Ng4 {[%emt 0:08:57] Threatens to win with ...Qh4.} 15. h3 Qh4 16. Nh1 Nf6 17. Rfe1 Bd4 18. Be3 c5 19. Bxd4 (19. Ng3 $15) 19... cxd4 $17 20. c5 Be6 21. cxd6 Rfc8 22. Qa4 Nd7 {[%emt 0:02:46][%mdl 1024] Black has strong compensation.} 23. Qa3 Qd8 24. Rc1 Qb6 25. Ng3 g6 26. Ne2 Nc5 27. Bc4 Bxc4 (27... Nxe4 $2 {too greedy.} 28. Bxe6 Rxc1 29. Nxc1 $18) (27... Kg7 $17) 28. Rxc4 $11 Nxe4 (28... Nd7 $11 29. Rxc8+ Rxc8) 29. Rxc8+ $16 Rxc8 30. d7 Rd8 {[%emt 0:03:21] [#] And now ...d3 would win.} 31. Nf4 Qc6 {[%emt 0:07:53] This costs Black the game.} (31... f5 $16 {is a better defense.}) 32. Nd3 $18 ({Much less strong is} 32. Qxa5 $6 Qxd7 33. Qxe5 Re8 $18) 32... Qd5 33. f3 Ng5 (33... Nd6 $142 34. Rxe5 Qc6 35. Qxa5 Qxd7) 34. Nxe5 Ne6 (34... Rxd7 $142 35. Nxd7 Qxd7 36. Qxa5 Ne6) 35. Qe7 Rf8 {[%emt 0:00:15] [#]} 36. Nxg6 $1 fxg6 (36... Ra8 37. Qf6) 37. Rxe6 {[%emt 0:00:38] Weighted Error Value: White=0.06 (flawless) /Black=0.43.  Loses game:     	---       	Black=1      Mistake:       	White=1     	Black=4      Inaccurate:     	White=2     	Black=2      OK:         	White=11    	Black=9      Best:        	White=5     	---} 1-0

[Event "VIII Open Semana Santa 2024"]
[Site "San Vicente del Raspeig"]
[Date "2024.03.30"]
[Round "6.14"]
[White "Muthaiah AL"]
[Black "Hristodoulou, Panagiotis"]
[Result "1-0"]
[ECO "A21"]
[WhiteElo "2454"]
[BlackElo "2376"]
[Annotator "RC"]
[PlyCount "103"]
[EventDate "2024.03.27"]
[EventType "swiss"]
[EventCountry "ESP"]
[SourceTitle "playchess.com"]
[Source "ChessBase"]
[SourceQuality "1"]
[TimeControl "5400+30"]

1. c4 e5 2. Nc3 d6 3. Nf3 f5 4. d4 e4 5. Ng5 Be7 6. Nh3 Nf6 7. Bg5 O-O 8. e3 c6 9. Nf4 Na6 10. Be2 Nc7 11. Qb3 Rb8 12. O-O Bd7 13. f3 exf3 14. Bxf3 Ne4 15. Bxe7 Qxe7 16. Nxe4 fxe4 17. Be2 Ne6 18. Nh5 Qg5 19. Ng3 d5 20. Rxf8+ Rxf8 21. Rf1 Bc8 22. Rxf8+ Kxf8 23. Kf2 a6 24. Qb4+ Qe7 25. Qxe7+ Kxe7 26. Nf5+ Kd8 27. Nd6 Kc7 28. Nxc8 Kxc8 29. Bg4 Kd7 30. c5 Ke7 31. Ke2 g6 32. Kd2 h5 33. Bxe6 Kxe6 34. Kc3 Kf5 35. h3 Ke6 36. g3 g5 37. Kb4 Kd7 38. Ka5 Kc7 39. b4 Kc8 40. Kb6 Kb8 41. a3 Kc8 42. a4 Kb8 43. b5 axb5 44. axb5 cxb5 45. Kxb5 Kc7 46. Ka4 Kd7 47. Kb4 g4 48. h4 Kc6 49. Ka5 Kd7 50. Kb6 Kc8 51. c6 Kb8 52. Kc5 1-0

[Event "VIII Open Semana Santa 2024"]
[Site "San Vicente del Raspeig"]
[Date "2024.03.30"]
[Round "6.15"]
[White "Colbow, Collin"]
[Black "Levin, Guy"]
[Result "1/2-1/2"]
[ECO "B12"]
[WhiteElo "2373"]
[BlackElo "2452"]
[Annotator "TA"]
[PlyCount "75"]
[EventDate "2024.03.27"]
[EventType "swiss"]
[EventCountry "ESP"]
[SourceTitle "playchess.com"]
[Source "ChessBase"]
[SourceQuality "1"]
[TimeControl "5400+30"]

1. e4 c6 2. d4 d5 3. e5 Bf5 4. h4 h5 5. c4 dxc4 6. Bxc4 e6 7. Nc3 Nd7 8. Nge2 Nb6 9. Bd3 Nh6 10. Bg5 Qd7 11. O-O Bg4 12. f3 Bf5 13. Rc1 Be7 14. Qd2 Bxd3 $1 15. Qxd3 Nf5 16. Ne4 Rd8 17. Rcd1 Nd5 18. Rd2 (18. N2g3 $15) 18... f6 $1 $17 19. Bf4 Nxf4 20. Nxf4 Qxd4+ (20... Nxd4 $2 21. Ng6 $18) 21. Qxd4 Rxd4 22. Rxd4 Nxd4 23. Rd1 $1 {[%emt 0:00:10] Strongly threatening Ng6.} fxe5 24. Ng6 Rh6 25. Nxe5 {[%emt 0:00:24] [#]} Nf5 26. g3 Bf6 27. Nc4 Bd4+ 28. Kh2 {[%emt 0:03:49] [#]} Ke7 {[%emt 0:03:18] Against Ned6} (28... e5 $1 $17 {...b5 would now be deadly.} 29. b4 b5) 29. Na5 $11 Rh8 (29... Bxb2 $6 30. Rb1 Bd4 31. Rxb7+ (31. Nxb7 Bb6 $15) 31... Ke8 32. Nxc6 $14) 30. b4 (30. Nxb7 Rb8 (30... Bxb2 31. Rb1 $11) 31. Na5 Rxb2+ (31... Bxb2 $2 32. Nxc6+ Ke8 33. Nxb8 $18) 32. Kh3 Rc2 $17 (32... Rxa2 $2 33. Nxc6+ Kf8 34. Nxd4 $18)) 30... Rb8 31. Nc5 Bf2 (31... Bxc5 {simplifies} 32. bxc5 e5 33. Nc4 Kf6) 32. g4 Bxc5 ({But not} 32... Nxh4 33. Ncxb7 Rc8 (33... Nxf3+ 34. Kg2 $16) 34. Nd6 $11) 33. bxc5 hxg4 34. fxg4 $17 {[%emt 0:00:36] KRN-KRN} Ne3 (34... Nxh4 $15 35. Rb1 Nf3+ 36. Kg3 Ne5) 35. Rd4 $11 {[%emt 0:02:50] The position is equal.} Nd5 36. Rd3 Nf6 37. g5 Nd7 (37... Ne4 $5) 38. Rb3 {[%emt 0:00:04] Weighted Error Value: White=0.15 (very precise) /Black=0.13 (very precise) .  Mistake:       	White=1     	Black=2      Inaccurate:     	White=5     	Black=1      OK:         	White=9     	Black=12     Best:        	White=2     	Black=2      Strong:       	White=1     	Black=2} 1/2-1/2

[Event "VIII Open Semana Santa 2024"]
[Site "San Vicente del Raspeig"]
[Date "2024.03.30"]
[Round "6.16"]
[White "Larkin, Vladyslav"]
[Black "Aronsson, Marten"]
[Result "1-0"]
[ECO "D01"]
[WhiteElo "2450"]
[BlackElo "2285"]
[Annotator "TA"]
[PlyCount "77"]
[EventDate "2024.03.27"]
[EventType "swiss"]
[EventCountry "ESP"]
[SourceTitle "playchess.com"]
[Source "ChessBase"]
[SourceQuality "1"]
[TimeControl "5400+30"]

1. d4 d5 2. Nc3 Nf6 3. Bg5 Bf5 4. f3 h6 5. Bxf6 exf6 6. e4 dxe4 7. fxe4 Bg6 8. Qd3 {[%emt 0:00:00] The position is equal.} a6 9. O-O-O Bd6 10. Nf3 Nc6 11. Nh4 {[%emt 0:00:00] Nxg6 is the strong threat.} Bh7 12. g4 O-O 13. Kb1 Re8 14. Nf5 Bf8 15. h4 Bxf5 16. gxf5 Qd6 17. Be2 Rad8 18. Nd5 Nb4 19. Nxb4 Qxb4 20. Bh5 c5 21. c3 Qa4 22. Rhg1 cxd4 (22... Qb5 {simplifies} 23. Bf3 Qxd3+ 24. Rxd3 cxd4 25. cxd4 Rd7) 23. cxd4 Qc6 24. Rg4 {[%emt 0:00:00][%cal Oh5f7] aiming for Bxf7+!} Rc8 25. Rdg1 {[%emt 0:00:00] And now a3 would win.} Qc4 (25... Rc7 $11) 26. Qd2 $1 $14 {[%emt 0:00:00] Dancing on a razor blade.} Kh8 {[%emt 0:02:28] [#]} 27. e5 $1 {[%emt 0:00:00] Threatens to win with exf6.} Qd5 $1 28. Qg2 Qxg2 29. R4xg2 ({But not} 29. R1xg2 Re7 $14) 29... Re7 30. exf6 gxf6 31. Rg8+ Kh7 {[%emt 0:00:06] [#]} 32. R1g7+ $1 Bxg7 33. Rxc8 {[%emt 0:00:00][%mdl 4096] Endgame. Kc2 would now be deadly. KRB-KRB} Rd7 34. d5 Bh8 {[%emt 0:06:59] [#]} 35. d6 $1 Bg7 36. Kc2 {[%emt 0:02:43] White has more active pieces.} Rxd6 37. Bxf7 Rc6+ (37... h5 $16) 38. Rxc6 $18 bxc6 {[%emt 0:00:02] [#]} 39. Kb3 $1 {[%emt 0:00:13] Weighted Error Value: White=0.03 (flawless) /Black=0.11 (very precise) .  Mistake:       	---       	Black=2      Inaccurate:     	White=2     	Black=2      OK:         	White=14    	Black=13     Best:        	White=2     	Black=3      Strong:       	White=2     	Black=1      Brilliant:      	White=1     	---} 1-0

[Event "VIII Open Semana Santa 2024"]
[Site "San Vicente del Raspeig"]
[Date "2024.03.30"]
[Round "6.17"]
[White "Alexakis, Dimitris"]
[Black "Martin Duque, Jesus"]
[Result "1-0"]
[ECO "B12"]
[WhiteElo "2448"]
[BlackElo "2332"]
[Annotator "TA"]
[PlyCount "35"]
[EventDate "2024.03.27"]
[EventType "swiss"]
[EventCountry "ESP"]
[SourceTitle "playchess.com"]
[Source "ChessBase"]
[SourceQuality "1"]
[TimeControl "5400+30"]

1. e4 c6 2. d4 d5 3. e5 Bf5 4. Nf3 e6 5. Be2 Nd7 6. O-O a5 7. a4 f6 8. Bd3 Ne7 {[%emt 0:37:59] [#]} (8... Bxd3 $14 9. cxd3 (9. Qxd3 fxe5 10. dxe5 Nc5 $14) 9... Bb4) 9. exf6 $1 $16 Nxf6 10. Re1 Qb6 (10... g6 $16 11. Nbd2 Qc8) 11. Ng5 $18 Ne4 12. Nxe4 dxe4 13. Bxe4 O-O-O 14. c3 g6 15. Na3 Bg7 16. Bg5 Rd7 17. Nc4 Qc7 18. Qb3 {[%emt 0:02:20] White took control after the opening.   Weighted Error Value: White=0.03 (flawless) /Black=0.43.  Mistake:       	---       	Black=2      Inaccurate:     	---       	Black=1      OK:         	White=6     	Black=3      Best:        	White=1     	---        Strong:       	White=1     	---} 1-0

[Event "VIII Open Semana Santa 2024"]
[Site "San Vicente del Raspeig"]
[Date "2024.03.30"]
[Round "6.18"]
[White "Williams, Justus"]
[Black "Domingo Nunez, Ruben"]
[Result "1/2-1/2"]
[ECO "A43"]
[WhiteElo "2347"]
[BlackElo "2441"]
[Annotator "TA"]
[PlyCount "92"]
[EventDate "2024.03.27"]
[EventType "swiss"]
[EventCountry "ESP"]
[SourceTitle "playchess.com"]
[Source "ChessBase"]
[SourceQuality "1"]
[TimeControl "5400+30"]

1. c4 g6 2. Nf3 Bg7 3. d4 c5 4. d5 d6 5. e4 e6 6. Be2 Ne7 7. Nc3 exd5 8. cxd5 O-O 9. Bf4 Bg4 {[%emt 0:03:24] White is slightly better.} 10. Qb3 Na6 11. h3 Bxf3 12. Bxf3 Rb8 13. Nb5 Nc8 14. O-O Nc7 15. Rac1 a6 16. Nxc7 Qxc7 17. Qa3 Na7 18. b4 Nb5 19. Qe3 b6 20. Be2 {[%emt 0:04:35] Black is weak on the light squares} Rbe8 21. a4 Nd4 22. Bxa6 f5 23. Qg3 Qa7 24. Bb5 {[%emt 0:00:19] A strong pair of Bishops.} Be5 25. bxc5 bxc5 26. Bxe5 Rxe5 27. exf5 Rfxf5 28. Qh4 (28. Kh2 $16) 28... Qa5 29. f4 Re2 30. Rce1 $2 (30. Rb1 $14 Nxb5 31. axb5 (31. Rxb5 Qxa4 32. Rb7 Rh5 $14)) 30... Rh5 $1 $17 31. Qxh5 gxh5 (31... Rxe1 $6 32. Qg4 (32. Qh4 Rxf1+ 33. Kxf1 Nxb5 $11) 32... Nf5 33. Rxe1 Qxe1+ 34. Kh2 $11) ({Black should play} 31... Rxg2+ $1 $17 32. Kxg2 gxh5) 32. Bxe2 $14 {[%emt 0:00:00] Black must now prevent f5.} c4 (32... Nf5 $1 $14) 33. f5 $18 (33. Bxc4 Qc5 34. Bd3 (34. Re8+ Kf7 $15) 34... Nf3+ 35. Kh1 Nxe1 36. Rxe1 Qxd5 $15) 33... Qxd5 {[%emt 0:01:31] [#]} 34. f6 $1 {[%emt 0:00:25] aiming for f7+.} Kf7 $2 (34... Qc5 35. Rf2 Kf8 (35... Kf7 $2 36. Bxc4+ Qxc4 37. Re7+ Kf8 38. f7 $18)) 35. Kh1 Ne6 36. Rc1 (36. Bf3 $142 Qf5 37. Bc6 (37. Bg4 Qxf1+ 38. Rxf1 hxg4 $18)) 36... Qg5 (36... c3 $142 37. Rxc3 Qe5) 37. Rxc4 d5 38. Rb4 Qe5 39. Rb7+ Kf8 {[%emt 0:00:00] [#]} 40. Rc1 $1 Nd8 41. Rc8 Qa1+ 42. Kh2 $2 (42. Bd1 {mates} Qxf6 43. Rd7 (43. Rxh7 Qf1+ 44. Kh2 Qf4+ 45. Kg1 Qd4+ 46. Kh1 Qxd1+ 47. Kh2 Ke8 $16) 43... Ke8 44. Rcxd8+ (44. Rdxd8+ Ke7 $18) 44... Qxd8 45. Rxd8+ Kxd8 46. Bxh5 Kd7 47. a5 (47. Bg4+ Kc6 $18)) 42... Qe5+ 43. Kg1 Qd4+ 44. Kh1 $2 (44. Kf1 Qxf6+ 45. Ke1) 44... Qa1+ {[%emt 0:00:01] [#]} 45. Kh2 $2 (45. Bd1 $1 Qxf6 46. Rd7 (46. Rxh7 Qf1+ 47. Kh2 Qf4+ 48. Kg1 Qd4+ 49. Kh1 Qxd1+ 50. Kh2 Ke8 $16)) 45... Qe5+ 46. Kg1 Qd4+ $1 {[%emt 0:00:12][%mdl 32768] Weighted Error Value: White=0.57/Black=0.35.  Mistake:       	White=4     	Black=3      Inaccurate:     	---       	Black=4      OK:         	White=13    	Black=8      Best:        	White=3     	Black=4      Strong:       	White=1     	Black=2     . An unexpected result.} 1/2-1/2

[Event "VIII Open Semana Santa 2024"]
[Site "San Vicente del Raspeig"]
[Date "2024.03.30"]
[Round "6.19"]
[White "Espinosa Aranda, Angel"]
[Black "Neagu, Roberto Florin"]
[Result "1-0"]
[ECO "A30"]
[WhiteElo "2440"]
[BlackElo "2217"]
[Annotator "TA"]
[PlyCount "67"]
[EventDate "2024.03.27"]
[EventType "swiss"]
[EventCountry "ESP"]
[SourceTitle "playchess.com"]
[Source "ChessBase"]
[SourceQuality "1"]
[TimeControl "5400+30"]

1. c4 c5 2. Nf3 Nf6 3. g3 g6 4. b3 Bg7 5. Bb2 b6 6. Bg2 Bb7 7. O-O O-O 8. d4 e6 9. Nc3 d5 10. dxc5 bxc5 11. cxd5 exd5 12. Rc1 Nbd7 13. Na4 Qe7 14. Ne1 {[%emt 0:02:34] The position is equal.} Rac8 15. Nd3 Ne4 (15... Rfe8 $11) 16. Bxg7 $16 Kxg7 17. Bxe4 $1 dxe4 {[%emt 0:10:15] [#]} 18. Ndxc5 Nf6 19. Nxb7 Qxb7 20. Qd4 Rfd8 21. Qe3 {[%emt 0:02:57] White is more active.} Qd7 22. Kg2 Rxc1 23. Rxc1 (23. Qxc1 h5 $14) 23... Qd2 24. Qxd2 Rxd2 {[%emt 0:00:05][%mdl 4096] Endgame. KRN-KRN} 25. Nc3 Ng4 26. h3 ({Much less strong is} 26. Nxe4 Rxe2 27. h3 Rxe4 $16) 26... Ne5 {[%emt 0:01:26] [#]} 27. Kf1 $1 ({Don't take} 27. Nxe4 Rxe2 28. Nc3 Rd2 $16) 27... f5 28. Ke1 Rd7 29. Na4 g5 (29... Kf6 $16 {was necessary.} 30. Rc5 Ke6) 30. Rc5 $18 Kf6 31. Nc3 Ke6 32. Ra5 Nc6 33. Ra6 Kd6 34. b4 {[%emt 0:00:00] Weighted Error Value: White=0.02 (flawless) /Black=0.24 (precise) .  Mistake:       	---       	Black=2      Inaccurate:     	White=1     	Black=2      OK:         	White=14    	Black=7      Best:        	White=2     	Black=1      Strong:       	White=1     	---        Brilliant:      	White=1     	---} 1-0

[Event "VIII Open Semana Santa 2024"]
[Site "San Vicente del Raspeig"]
[Date "2024.03.30"]
[Round "6.20"]
[White "Persson Bogdanovic, Nils Oskar"]
[Black "Schulman, Julia"]
[Result "0-1"]
[ECO "B75"]
[WhiteElo "1864"]
[BlackElo "1732"]
[Annotator "NA RC COMBH"]
[PlyCount "92"]
[EventDate "2024.03.27"]
[EventType "swiss"]
[EventCountry "ESP"]
[SourceTitle "playchess.com"]
[Source "ChessBase"]
[SourceQuality "1"]
[TimeControl "5400+30"]

1. e4 c5 2. Nf3 d6 3. d4 cxd4 4. Nxd4 Nf6 5. Nc3 g6 6. Be3 Bg7 7. f3 a6 8. a4 Nbd7 9. Qd2 h5 10. a5 O-O 11. Bh6 Ne5 12. Bxg7 Kxg7 13. Na4 Qc7 14. Nb6 Rb8 15. Ra3 Ned7 16. Rc3 Qd8 17. Qe3 Nxb6 18. axb6 Bd7 19. Rc7 Ne8 20. Nb3 Bc6 21. Nd4 Nxc7 22. Nf5+ Kg8 23. bxc7 Qxc7 24. Qh6 Qa5+ 25. Kf2 Qe5 26. Qg5 Rbe8 27. Bc4 e6 28. g4 exf5 29. Qxg6+ Qg7 30. gxf5 Qxg6 31. fxg6 Kg7 32. gxf7 Rd8 33. Rg1+ Kf6 34. Rg8 Ke7 35. Kg3 d5 36. Bb3 Rxg8+ 37. fxg8=Q Rxg8+ 38. Kh4 Rg2 39. exd5 Be8 40. h3 b5 41. f4 a5 42. f5 a4 43. c4 axb3 44. c5 Rxb2 45. c6 Rc2 46. Kg5 b2 0-1

[Event "VIII Open Semana Santa 2024"]
[Site "San Vicente del Raspeig"]
[Date "2024.03.31"]
[Round "7.1"]
[White "Alekseenko, Kirill"]
[Black "Heimann, Mark"]
[Result "1-0"]
[ECO "C70"]
[WhiteElo "2650"]
[BlackElo "2435"]
[Annotator "TA"]
[PlyCount "65"]
[EventDate "2024.03.27"]
[EventType "swiss"]
[EventCountry "ESP"]
[SourceTitle "playchess.com"]
[Source "ChessBase"]
[SourceQuality "1"]
[TimeControl "5400+30"]

1. e4 e5 2. Nf3 Nc6 3. Bb5 a6 4. Ba4 Nge7 5. c3 Ng6 6. O-O d5 7. exd5 Qxd5 8. d4 {[%emt 0:00:38][%cal Oc3c4] The position is equal.} Bg4 9. Nbd2 exd4 10. Re1+ Be7 11. cxd4 O-O-O 12. Bb3 Qf5 {[%emt 0:16:01][%cal Oe7b4] Hoping for ...Bb4!} 13. h3 Bxf3 ({Black should try} 13... Bxh3 $1 $17 14. gxh3 Nxd4 15. Nxd4 Rxd4) 14. Nxf3 $11 Nh4 15. Re3 Qh5 (15... Qf6 $11 {keeps the balance.}) 16. d5 $1 $16 Bf6 (16... Rd7 $16) 17. Nxh4 $18 Qxh4 18. Qd3 {[%emt 0:00:45] Strongly threatening Qf5+.} Kb8 $2 (18... Rd7 {was called for.} 19. Re4 Qh5) 19. Re4 $1 Qh5 20. Bf4 $1 Be5 (20... Na7 {keeps fighting.} 21. g4 Qg6) 21. Be3 $2 {[%emt 0:07:34] A strong pair of Bishops.} (21. Ba4 $1 $18 {[%cal Ra4c6] and the rest is easy.} f5 22. Rxe5 Nxe5 23. Bxe5) 21... Qf5 (21... Bd6 $16) 22. g4 $1 $36 {[%emt 0:03:53][%mdl 2048] White is really pushing.} Qg6 {[%emt 0:01:47] [#]} (22... Qf6 $142) 23. Qc2 $1 f5 24. dxc6 ({Stronger than} 24. Ra4 Ne7 25. Re1 Bd6 $15 (25... Nxd5 26. Ba7+ Kxa7 27. Rxe5 $14)) 24... fxe4 {[%emt 0:00:06] [#]} 25. Qc5 {[%emt 0:00:05] Inhibits Bd4. White wants to mate with Qa7+.} Qxc6 26. Qxe5 Rhe8 {[%emt 0:01:09] Black is weak on the dark squares} 27. Qxg7 h5 (27... Rd7 $142 28. Qg5 Rh8) 28. Rc1 {[%emt 0:01:02] White is clearly winning.} Qd6 29. gxh5 Rd7 30. Qg6 Qf8 31. h6 {[%emt 0:00:29] Repels Rg7. Threatens to win with Rd1.} Rd6 32. Qf7 Rxh6 33. Bxh6 {[%emt 0:00:44] Weighted Error Value: White=0.35/Black=0.59.  Missed win:     	White=1     	---        Mistake:       	---       	Black=8      Inaccurate:     	---       	Black=1      OK:         	White=9     	Black=10     Best:        	White=2     	Black=1      Strong:       	White=4     	---} 1-0